Map: 카이로스 정션 - 래더

Players

JinairRogue (Rogue) - Winner!

  • Race: Zerg Zerg
  • League: Master
  • Spawn Location: 11:00

llllllllllll (Trap)

  • Race: Protoss Protoss
  • League: Master
  • Spawn Location: 5:00

Event: IEM Season 13 - Katowice Server Qualifiers Asia 1

VOD

Have the link to the VOD?

Description

Time

  • Played on: Jan. 14, 2019, 8:31 a.m.
  • Length: 6:24

All games in this series

Show
View Real Time Build Order
Export as new Build Order

JinairRogue Zerg - Winner!

Build Orders: Hatch First 

Get SALT Encoding   

  12  0:00  Drone  
  13  0:07  Drone  
  14  0:16  Overlord  
  14  0:22  Extractor  
  14  0:23  Drone  
  15  0:44  Hatchery  
  15  0:48  Drone  
  15  0:51  Drone  
  15  0:55  Drone  
  17  0:59  Drone  
  18  1:09  Extractor  
  17  1:16  Spawning Pool  
  17  1:18  Drone  
  17  1:22  Drone  
  18  1:31  Drone  
  19  1:46  Hatchery  
  18  1:51  Drone  
  18  1:54  Drone  
  20  2:02  Queen  
  20  2:08  Drone  
  23  2:10  Drone  
  23  2:13  Drone  
  25  2:16  Drone  
  26  2:23  Overlord  
  26  2:27  Metabolic Boost  
  26  2:31  Zergling x2  
  26  2:32  Zergling x2  
  28  2:41  Queen  
  30  2:44  Zergling x2  
  30  2:48  Queen  
  33  2:52  Drone  
  33  2:53  Drone  
  33  2:56  Drone  
  36  3:03  Queen  
  38  3:06  Overlord  
  38  3:09  Zergling x2  
  39  3:14  Drone x2  
  39  3:16  Drone  
  42  3:24  Queen  
  42  3:25  Overlord  
  44  3:31  Drone x3  
  47  3:34  Drone  
  47  3:38  Overlord  
  47  3:40  Drone x2  
  50  3:46  Drone x2  
  52  3:53  Lair  
  52  4:00  Drone  
  52  4:01  Drone x6  
  59  4:04  Extractor  
  59  4:05  Extractor  
  59  4:06  Overlord  
  59  4:08  Drone  
  58  4:14  Spore Crawler  
  57  4:17  Overlord  
  57  4:21  Roach Warren, Drone  
  57  4:26  Zergling x8  
  57  4:30  Drone x3  
  64  4:34  Zergling x2  
  64  4:35  Zergling x2  
  66  4:38  Zergling x2  
  66  4:39  Zergling x6  
  66  4:43  Zergling x4  
  72  4:48  Overlord x2  
  72  4:51  Overseer  
  72  4:59  Drone x2  
  74  5:03  Overlord  
  74  5:06  Overlord x2  
  74  5:14  Overlord  
  74  5:20  Roach  
  74  5:21  Roach x3  
  80  5:26  Roach  
  80  5:27  Roach x4, Overseer  
  90  5:35  Roach x3  
  95  5:36  Roach  
  95  5:43  Spore Crawler  
  95  5:45  Roach x2  
  97  5:53  Roach  
  97  5:54  Roach x4  
  106  5:58  Overlord x2  
Show
View Real Time Build Order
Export as new Build Order

llllllllllll Protoss 

Build Orders: 1 Gate Expand, Zealot Archon, Archon Drop, Dark Templar Rush 

Get SALT Encoding   

  12  0:00  Probe  
  13  0:12  Probe  
  14  0:18  Pylon  
  14  0:24  Probe  
  15  0:33  Probe  
  15  0:41  Probe  
  16  0:43  Gateway  
  17  0:51  Probe, Assimilator  
  18  1:03  Probe  
  19  1:15  Probe  
  20  1:25  Nexus  
  20  1:35  Cybernetics Core  
  20  1:37  Probe  
  21  1:44  Assimilator  
  21  1:50  Probe  
  21  1:54  Pylon  
  22  2:02  Probe  
  22  2:03  Adept  
  23  2:14  Probe  
  26  2:18  Twilight Council  
  26  2:23  Warp Gate  
  26  2:26  Probe  
  27  2:31  Stalker  
  27  2:34  Probe  
  29  2:38  Probe  
  29  2:42  Probe  
  31  2:50  Probe  
  33  2:52  Probe  
  34  3:02  Probe  
  34  3:03  Robotics Facility  
  34  3:05  Probe  
  36  3:09  Adept  
  38  3:18  Probe  
  38  3:19  Dark Shrine, Probe  
  40  3:29  Gateway  
  40  3:34  Probe, Gateway  
  41  3:35  Probe  
  41  3:40  Warp Prism, Gateway  
  42  3:52  Pylon  
  42  3:54  Probe  
  45  3:56  Probe  
  45  4:00  Pylon  
  46  4:07  Assimilator  
  46  4:09  Assimilator  
  46  4:10  Probe  
  47  4:21  Gateway  
  47  4:22  Gateway  
  47  4:26  Gateway  
  47  4:37  Probe  
  48  4:39  Dark Templar x3  
  48  4:43  Dark Templar  
  48  4:44  Archon  
  56  4:46  Observer  
  56  4:47  Archon  
  56  4:50  Pylon  
  56  4:58  Pylon  
  57  5:00  Pylon  
  57  5:01  Pylon  
  57  5:20  Dark Templar x2, Zealot  
  57  5:21  Zealot x3  
  68  5:24  Zealot  
  68  5:25  Archon  
  70  5:36  Pylon  
  70  5:37  Pylon  
  70  5:41  Sentry  
  68  5:49  Stalker x3  
  72  5:52  Adept  
  74  5:59  Adept x2  

Tags
 
Add a new tag
Caveats
  • Supply blocks, unpowered buildings, or Contaminate may cause inaccurate times.
  • Supply counts are checked every 10 seconds.